AoeStats
← jphilkill

Black Forest

506359598Analyzed
4v4 RM · 20d ago on Sep 13, 2026· 54m 36s· 8 players
Game mode
Random Map
Map size
Large (8 player)
Population
200
Speed
Normal
Resources
Standard
Victory
Conquest
Starting age
Dark Age
Ending age
Imperial Age
RankedLock teamsTeams togetherTeam positionsShared explorationLock speedFull tech treeHidden civsTurbo modeCheats
Victory
Defeat
🇺🇸 Bohemians · United States
969
+10
🇹🇼 Britons · Taiwan
933
+12
🇪🇸 Cumans · Spain
924
+12
🇩🇪 Celts · Germany
918
+12
🇹🇷 Turks · Türkiye
863
-23
🇸🇰 Spanish · Slovakia
848
-12
🇨🇭 Franks · Switzerland
845
-12
🇨🇿 Lithuanians · Czechia
780
-9
Wota
0:28 Loom
12:11 Feudal Age
13:46 Horse Collar
18:04 Double-Bit Axe
Internet User
6:12 Loom
12:55 Feudal Age
18:47 Castle Age
18:42 Forging
18:38 Scale Barding Armor
18:34 Stone Mining
30:35 Husbandry
33:49 Imperial Age
33:50 Double-Bit Axe
33:59 Gold Mining
TidierCast1585
1:13 Loom
13:08 Feudal Age
18:44 Castle Age
17:40 Horse Collar
17:48 Double-Bit Axe
27:18 Wheelbarrow
32:54 Imperial Age
33:53 Artillery
34:16 Conscription
37:47 Elite Janissary
39:30 Padded Archer Armor
40:51 Leather Archer Armor
42:48 Ring Archer Armor
43:18 Town Watch
43:48 Hand Cart
43:43 Scale Barding Armor
45:15 Bloodlines
51:19 Chain Barding Armor
mirro99
1:45 Loom
12:59 Feudal Age
19:12 Castle Age
18:25 Horse Collar
18:32 Double-Bit Axe
29:09 Wheelbarrow
28:36 Heavy Plow
28:35 Town Watch
29:57 Fortified Wall
29:42 Murder Holes
30:45 Hand Cart
30:31 Town Patrol
30:45 Bow Saw
32:22 Gold Mining
32:22 Stone Mining
34:13 Stone Shaft Mining
36:45 Imperial Age
35:01 Scale Barding Armor
35:07 Forging
merdish
4:14 Loom
12:35 Feudal Age
13:21 Double-Bit Axe
13:18 Horse Collar
16:11 Castle Age
17:15 Bow Saw
22:01 Wheelbarrow
24:44 Hand Cart
24:18 Town Watch
30:34 Imperial Age
28:40 Fletching
28:52 Padded Archer Armor
29:15 Fletching
29:58 Bodkin Arrow
30:21 Leather Archer Armor
31:17 Chemistry
32:08 Houfnice
34:37 Siege Engineers
36:01 Wagenburg Tactics
37:03 Masonry
37:38 Bodkin Arrow
38:15 Ring Archer Armor
Saoro
4:33 Loom
12:27 Feudal Age
15:45 Town Watch
19:35 Horse Collar
19:50 Fletching
24:32 Castle Age
23:49 Double-Bit Axe
24:15 Padded Archer Armor
24:32 Forging
24:32 Scale Barding Armor
29:47 Heavy Plow
36:52 Caravan
36:29 Capped Ram
42:55 Imperial Age
42:34 Steppe Husbandry
42:52 Bloodlines
43:24 Iron Casting
43:09 Chain Barding Armor
43:22 Chain Barding Armor
43:32 Elite Steppe Lancer
47:55 Blast Furnace
49:06 Plate Barding Armor
49:31 Onager
51:16 Stone Mining
52:00 Crop Rotation
51:45 Bow Saw
52:38 Chemistry
54:34 Siege Ram
CannotFly
0:31 Loom
14:36 Feudal Age
21:10 Double-Bit Axe
24:40 Horse Collar
25:13 Stone Mining
27:30 Castle Age
27:05 Gold Mining
27:34 Fletching
27:46 Padded Archer Armor
31:48 Fortified Wall
36:11 Wheelbarrow
36:17 Gold Shaft Mining
41:01 Imperial Age
38:59 Bodkin Arrow
39:23 Leather Archer Armor
42:28 Onager
45:30 Ballistics
46:11 Chemistry
44:46 Onager
45:43 Onager
jphilkill
0:53 Loom
12:29 Feudal Age
15:45 Wheelbarrow
14:57 Double-Bit Axe
15:08 Horse Collar
15:23 Gold Mining
15:24 Stone Mining
18:31 Castle Age
19:26 Pikeman
30:01 Hand Cart
30:10 Fletching
31:52 Bodkin Arrow
31:19 Elite Skirmisher
34:17 Scale Mail Armor
34:54 Forging
35:05 Heavy Plow
35:17 Bow Saw
37:22 Husbandry
38:08 Ballistics
38:12 Scale Barding Armor
42:12 Imperial Age
39:53 Caravan
41:07 Chain Mail Armor
41:50 Padded Archer Armor
42:49 Chain Barding Armor
42:32 Stronghold
43:28 Gold Shaft Mining
43:29 Stone Shaft Mining
43:47 Cavalier
44:55 Conscription
45:18 Plate Mail Armor
45:25 Iron Casting
44:25 Capped Ram
47:00 Leather Archer Armor
48:18 Siege Ram
51:36 Chemistry
50:34 Paladin
Connection lost

Rejoining the realm…

Still unreachable

The connection could not be restored.

Session expired

The server has moved on; the page needs a fresh start.